 Dungeon Crawl Stone Soup version 0.26.1-11-gd32895ea62 (webtiles) character file.

Game seed: 6846366516432499293

824 eagelman13508 the Covert (level 7, 0/29 HPs)
             Began as a Spriggan Brigand on June 28, 2021.
             Was an Initiate of Hepliaklqana.
             Slain by Pikel
             ... wielding a +0 whip of freezing
              (3 damage)
             ... on level 4 of the Dungeon.
             The game lasted 00:32:17 (4255 turns).

eagelman13508 the Covert (Spriggan Brigand)         Turns: 4255, Time: 00:32:18

Health: 0/29       AC:  2    Str:  7    XL:     7   Next: 64%
Magic:  8/8        EV: 17    Int: 13    God:    Hepliaklqana [......]
Gold:   234        SH:  0    Dex: 19    Spells: 6/6 levels left

rFire    . . .     SeeInvis +   a - +2 dagger
rCold    + . .     Faith    .   (shield restricted)
rNeg     . . .     Spirit   .   b - +0 robe
rPois    .         Reflect  .   (helmet restricted)
rElec    .         Harm     .   u - scarf {shadows}
rCorr    .         Rampage  .   (gloves unavailable)
Will     +....                  (boots unavailable)
Stlth    +++++.....             (no amulet)
HPRegen  0.09/turn              w - ring of protection from cold
MPRegen  0.11/turn              (no ring)

@: very quick
A: very small, unfitting armour, reduced essence, see invisible, speed 3
a: Renounce Religion, Recall Ancestor, Ancestor Identity


You were on level 4 of the Dungeon.
You worshipped Hepliaklqana.
Hepliaklqana was noncommittal.
You visited 1 branch of the dungeon, and saw 4 of its levels.

You collected 234 gold pieces.

Inventory:

Hand Weapons
 a - a +2 dagger (weapon)
 o - a +0 vampiric dagger
 r - a +0 short sword of flaming
Missiles
 d - 5 poisoned darts (quivered)
 e - 2 curare-tipped darts
 g - 118 stones
Armour
 b - a +0 robe (worn)
 c - a +0 cloak
 u - a scarf of shadows (worn)
Jewellery
 w - a ring of protection from cold (left hand)
Scrolls
 i - a scroll of enchant armour {unknown}
 j - a scroll of teleportation {unknown}
 k - a scroll of amnesia {unknown}
 m - 4 scrolls of identify {unknown}
 n - a scroll of remove curse {unknown}
 p - 2 scrolls of immolation {unknown}
Potions
 f - a potion of ambrosia {unknown}
 h - 2 potions of curing
 l - 2 potions of flight {unknown}
 q - a potion of magic {unknown}
 s - a potion of degeneration {unknown}
 t - 2 potions of haste
 v - a potion of lignification {unknown}


   Skills:
 - Level 1.5 Fighting
 + Level 6.0 Short Blades
 + Level 2.2 Throwing
 - Level 1.5 Dodging
 + Level 11.8 Stealth


You had 6 spell levels left.
You didn't know any spells.
Your spell library was empty.

Dungeon Overview and Level Annotations

Branches:
Dungeon (4/15)
 Temple: D:4-7

Altars:
Hepliaklqana
Nemelex Xobeh
Ru
Sif Muna

Annotations:
D:4 Edmund, Pikel


Innate Abilities, Weirdness & Mutations

You are very small and have problems with some larger weapons.
You are too small for most types of armour.
You have supernaturally acute eyesight. (SInv)
You cover ground extremely quickly.
Your life essence is reduced to manifest your ancestor. (-10% HP)


Message History

Pikel is heavily wounded.
Pikel looks more healthy.
You hit Pikel.
Pikel is heavily wounded.
Pikel closely misses you.
Dude hits Pikel.
You hit Pikel but do no damage.
Pikel is severely wounded.
Pikel misses you.
Dude hits Pikel!
You hit Pikel.
Pikel is almost dead.
You closely miss Pikel.
Pikel is almost dead.
Pikel cracks his whip.
Pikel misses you.
Dude barely misses Pikel.
You hit Pikel but do no damage.
Pikel is almost dead.
Pikel hits you with a +0 whip of freezing!
* * * LOW HITPOINT WARNING * * *
Pikel freezes you.
You die...

....$.#.5..##.##
...............#
.......###[##[..
........##..##
......#.###55# ...
....o.#..###5# ..#
.$O[.....##.###5# ..
......... #..##K####.#
..!>....@ ##.##R@##..#
..... #.###..#.# ##...
#........###### #
#..###########.#†.†....#
# #......<..)........####
......############.##...#
####.## #..####.# # #.
#.## .# # #. #. #


You could see the friendly Dude the ancestor, Pikel and 4 lemures.

Vanquished Creatures
  Grinder (D:3)
  Sigmund (D:2)
  2 ogres
  Blork the orc (D:4)
  Crazy Yiuf (D:3)
  Jessica (D:2)
  Terence (D:2)
  2 gnolls (D:3)
  4 adders
  A worm (D:2)
  A dart slug (D:3)
  3 leopard geckos
  6 orcs (D:3)
  5 goblins
  8 hobgoblins
  A jackal (D:4)
  8 kobolds
  A quokka (D:3)
  3 ball pythons
  11 bats
  4 frilled lizards
  3 rats
69 creatures vanquished.

Vanquished Creatures (collateral kills)
  An orc wizard (D:3)
  A gnoll (D:3)
  An orc (D:3)
  A hobgoblin (D:3)
4 creatures vanquished.

Vanquished Creatures (others)
  2 ancestors (D:4)
2 creatures vanquished.

Grand Total: 75 creatures vanquished

Notes
Turn   | Place    | Note
-------+----------+-------------------------------------------
     0 | D:1      | eagelman13508 the Spriggan Brigand began the quest for the
                  | Orb.
     0 | D:1      | Reached XP level 1. HP: 10/10 MP: 2/2
    54 | D:1      | Reached skill level 6 in Stealth
   176 | D:1      | Reached XP level 2. HP: 11/14 MP: 3/3
   477 | D:1      | Reached skill level 7 in Stealth
  1406 | D:2      | Reached XP level 3. HP: 18/18 MP: 4/4
  1440 | D:2      | Found a sacrificial altar of Ru.
  1542 | D:2      | Noticed Jessica
  1548 | D:2      | Noticed Terence
  1563 | D:2      | Killed Jessica
  1564 | D:2      | Reached skill level 8 in Stealth
  1587 | D:2      | Reached XP level 4. HP: 22/22 MP: 5/5
  1653 | D:2      | Killed Terence
  2083 | D:2      | Found a sparkling altar of Nemelex Xobeh.
  2129 | D:2      | Noticed Sigmund
  2163 | D:2      | Killed Sigmund
  2164 | D:2      | Reached skill level 9 in Stealth
  2164 | D:2      | Reached XP level 5. HP: 25/25 MP: 6/6
  2477 | D:3      | Noticed an ogre
  2526 | D:3      | Killed an ogre
  2527 | D:3      | Reached skill level 10 in Stealth
  2527 | D:3      | Reached XP level 6. HP: 30/30 MP: 7/7
  2589 | D:3      | Found a hazy altar of Hepliaklqana.
  2604 | D:3      | Became a worshipper of Hepliaklqana the Forgotten
  3073 | D:3      | Found a shimmering blue altar of Sif Muna.
  3074 | D:3      | Noticed Grinder
  3152 | D:3      | Killed Grinder
  3153 | D:3      | Reached skill level 5 in Short Blades
  3153 | D:3      | Reached skill level 11 in Stealth
  3153 | D:3      | Reached XP level 7. HP: 4/29 MP: 8/8
  3550 | D:3      | Found a runed translucent door.
  3556 | D:3      | Noticed Crazy Yiuf
  3565 | D:3      | Killed Crazy Yiuf
  3631 | D:4      | Noticed Pikel
  3631 | D:4      | Noticed Blork the orc
  3696 | D:4      | Noticed Edmund
  3721 | D:4      | Killed Blork the orc
  4255 | D:4      | Slain by Pikel

Illustrated notes

Levels and vault maps discovered:
D:1:      lightli_arrival_lavapool, layout_loops_ring
D:2:      layout_rooms, lemuel_doored_altar, nemelex_spade_bored_becter,
          uniq_sigmund, uniq_jessica, uniq_terence
D:3:      layout_rooms, lemuel_round_altar, chequers_serial_rivers_micro_c,
          tgw_sif, uniq_grinder, uniq_crazy_yiuf_cottage
D:4:      layout_rooms, cheibrodos_gnoll_hut, uniq_edmund, uniq_pikel,
          uniq_blork_the_orc

Skill      XL: |  1  2  3  4  5  6  7 |
---------------+----------------------+-----
Stealth        | 6 7 8 9 10 11 | 11.8
Short Blades   | 3 4 5 6 |  6.0
Fighting       | |  1.5
Throwing       | |  2.2
Dodging        | |  1.5

Action                   |  1- 3 |  4- 6 |  7- 9 || total
-------------------------+-------+-------+-------++-------
Melee: Dagger            |    78 |   101 |    46 ||   225
Throw: Dart              |     3 |    34 |     5 ||    42
       Stone             |       |     3 |     1 ||     4
Invok: Ancestor Identity |       |     1 |       ||     1
       Recall Ancestor   |       |       |     3 ||     3
  Use: Potion            |       |     1 |     1 ||     2
 Stab: Sleeping          |    12 |     8 |     3 ||    23
       Distracted        |       |     2 |       ||     2
Armor: Robe              |    15 |     2 |       ||    17
Dodge: Dodged            |    74 |    45 |    24 ||   143
